 Dungeon Crawl Stone Soup version 0.28-a0-1152-g9c71ebef14 (webtiles) character file.

Game seed: 15029412902239154465

14585 Armakuni the Destroyer (level 12, -7/86 HPs)
             Began as a Human Artificer on Dec 14, 2021.
             Mangled by a death yak (18 damage)
             ... on level 7 of the Dungeon.
             The game lasted 00:40:28 (19383 turns).

Armakuni the Destroyer (Human Artificer)           Turns: 19383, Time: 00:40:28

Health: -7/86      AC:  7    Str: 22    XL:     12   Next: 47%
Magic:  9/26       EV: 12    Int: 13    God:
Gold:   501        SH:  0    Dex: 14    Spells: 25/31 levels left

rFire   . . .      SeeInvis .   a - +3 demon whip (pain)
rCold   + . .      Faith    .   (no shield)
rNeg    . . .      Spirit   .   l - +2 leather armour {rC+}
rPois   .          Reflect  .   (no helmet)
rElec   .          Harm     .   y - +0 cloak
rCorr   +          Rampage  .   q - +0 pair of gloves
Will    .....                   (no boots)
Stlth   +.........              (no amulet)
HPRegen 0.24/turn               K - ring of resist corrosion
MPRegen 0.20/turn               V - +6 ring of strength

@: very slightly contaminated
A: no striking features
a: no special abilities


You were on level 7 of the Dungeon.
You visited 2 branches of the dungeon, and saw 13 of its levels.
You also visited: Sewer.

You collected 695 gold pieces.
You spent 194 gold pieces at shops.

Inventory:

Hand Weapons
 a - a +3 demon whip of pain (weapon)
 f - a +2 scimitar of flaming
Missiles
 C - 3 curare-tipped darts
 J - 4 throwing nets
Armour
 l - a +2 leather armour of cold resistance (worn)
 n - a +0 plate armour
 q - a +0 pair of gloves (worn)
 t - a +0 ring mail of positive energy
 y - a +0 cloak (worn)
Magical Staves
 b - a staff of conjuration
Jewellery
 p - a ring of protection from fire
 F - a ring of protection from fire
 I - a ring of see invisible
 K - a ring of resist corrosion (left hand)
 V - a +6 ring of strength (right hand)
Wands
 k - a wand of digging (3)
 v - a wand of flame (10)
 H - a wand of polymorph (1)
Scrolls
 g - a scroll of noise
 h - 2 scrolls of fear
 j - a scroll of blinking
 o - a scroll of teleportation
 u - a scroll of immolation
 A - a scroll of enchant armour
Potions
 c - a potion of magic
 d - a potion of brilliance
 e - a potion of ambrosia
 i - 5 potions of flight
 r - a potion of lignification {unknown}
 s - a potion of might
 w - a potion of haste
 z - a potion of attraction {unknown}
 B - a potion of degeneration {unknown}
 D - a potion of invisibility
 E - a potion of heal wounds
 G - 6 potions of curing
Miscellaneous
 m - a phantom mirror (inert)
 x - a piece from Xom's chessboard (12/15)


   Skills:
 - Level 5.6 Fighting
 + Level 7.0 Staves
 - Level 3.1 Armour
 - Level 2.6 Dodging
 - Level 1.0 Stealth
 - Level 10.0 Spellcasting
 - Level 10.0 Conjurations
 + Level 8.9 Evocations


You had 25 spell levels left.
You knew the following spells:

 Your Spells              Type           Power      Damage    Failure   Level
s - Sticky Flame          Conj/Fire      19%        2d4       16%         4
z - Searing Ray           Conj           64%        2d6       1%          2

Your spell library contained the following spells:

 Spells                   Type           Power      Damage    Failure   Level
 Magic Dart               Conj           100%       1d8       1%          1
 Conjure Flame            Conj/Fire      19%        6-21      4%          3
 Fulminant Prism          Conj/Hex       9%         3d7       16%         4
 Ignite Poison            Fire/Tmut/Pois 6%         N/A       36%         3
 Ozocubu's Armour         Ice            6%         N/A       36%         3
 Tukima's Dance           Hex            6%         N/A       36%         3
 Passage of Golubria      Tloc           6%         N/A       77%         4
 Yara's Violent Unravell  Hex/Tmut       3%         3d4       98%         5
 Ozocubu's Refrigeration  Ice            3%         4d5       100%        7


Dungeon Overview and Level Annotations

Branches:
Dungeon (12/15)            Temple (1/1) D:5            Lair (0/6) D:8
    Orc (0/2) D:9           Sewer (visited)

Altars:
Ashenzari
Cheibriados
Dithmenos
Elyvilon
Fedhas
Gozag
Hepliaklqana
Kikubaaqudgha
Makhleb
Nemelex Xobeh
Okawaru
Qazlal
Ru
Sif Muna
Trog
Uskayaw
Vehumet
Wu Jian
Xom
Yredelemnul
Zin
The Shining One

Shops:
D:1 ?   D:8 *


Message History

Aiming: Sticky Flame (dangerous; 16% risk of failure)
Press: ? - help, Shift-Dir - straight line, f/p - death yak
Aim: a death yak (heavily wounded, 100% to hit)
The sticky flame hits the death yak but does no damage.
The death yak is heavily wounded.
The death yak is covered in liquid flames!
The death yak burns!
The death yak gores you!!
The death yak snorts and paws the ground.
The death yak burns!
There is an open door here.
The death yak burns!
The death yak burns!
The death yak burns!
There is an open door here.
The death yak burns!
The death yak stops burning.
Things that are here:
a +0 giant club; a +0 giant spiked club; a +0 club You see here a stone.
Okay, then.
There is a stone staircase leading up, spattered with blood here.
Aiming: Searing Ray (safe; 1% risk of failure)
Press: ? - help, Q - select action, (/) - cycle Shift-Dir - straight line, f/p - death yak
Aim: a death yak (almost dead, 93% to hit)
The searing ray misses the death yak. (Press . to maintain the ray.)
The death yak gores you!!
* * * LOW HITPOINT WARNING * * *
You climb upwards.
There is a stone staircase leading down, spattered with blood here.
Casting: Searing Ray (safe; 1% risk of failure)
Confirm with . or Enter, or press ? or * to list all spells.
Aiming: Sticky Flame (dangerous; 16% risk of failure)
Press: ? - help, Shift-Dir - straight line, f - death yak
Aim: a death yak (almost dead, 100% to hit)
You miscast Sticky Flame.
You are very lightly contaminated with residual magic.
You are blasted with magical energy!
* * * LOW HITPOINT WARNING * * *
The death yak gores you!!
You die...

#.# #########[)# #.#
###########.[#
#.#####.........#..#
#.##.........##.#..#####
#............##.#.......
####.##.##.>.....[.####[
#.##.##.###..........
#.##Y##.# #.....####.
#.##@##.###...#.# #.
#.##)(..........# #.
##.#####.####..### #.
#<..# #.# #..# #. ##.##
#.# #..# #. #.# #.# #..#
#. #.# #.# #..### #. #.#
#.# #....## ## #.# #.#
#...#.####


You could see a death yak.

Vanquished Creatures
  Erica (D:8)
  3 two-headed ogres
  A death yak (D:7)
  A swamp dragon (D:8)
  Joseph (D:7)
  Psyche (D:8)
  2 kobold demonologists
  2 komodo dragons
  2 trolls
  A troll (shapeshifter) (D:11)
  3 shadows
  11 yaks
  A wyvern (D:7)
  2 vampires
  A steam dragon (D:9)
  2 wraiths
  6 vampire mosquitoes
  Menkaure (D:7)
  Edmund (D:5)
  A water moccasin (D:7)
  6 orc warriors
  An ice beast (D:7)
  2 sky beasts
  An ogre (D:6)
  7 centaurs
  3 phantoms
  3 kobold brigands
  A bullfrog (D:8)
  A gnoll sergeant (D:12)
  A scorpion (D:5)
  5 killer bees (D:7)
  2 water moccasin skeletons
  3 wights (D:7)
  A howler monkey (D:9)
  5 centaur zombies
  A bullfrog zombie (D:5)
  A jelly (D:7)
  3 hounds
  A bullfrog skeleton (D:6)
  A centaur skeleton (D:6)
  A gnoll shaman (D:8)
  2 orc priests
  Crazy Yiuf (D:6)
  An iguana (D:4)
  9 orc wizards
  A hell rat (D:8)
  A hound zombie (D:5)
  A howler monkey skeleton (D:7)
  8 gnolls
  4 adders
  2 river rats
  3 white imps
  4 dart slugs
  27 orcs
  2 endoplasms
  8 giant cockroaches
  7 goblins
  3 hobgoblins
  2 jackals (Sewer)
  5 quokkas
  2 ball pythons (D:3)
  4 bats
  4 frilled lizards
  A jackal skeleton (D:4)
  18 kobolds
  6 rats
220 creatures vanquished.

Vanquished Creatures (collateral kills)
  A two-headed ogre (D:8)
  Duvessa (D:6)
  Dowan (D:6)
  A river rat (Sewer)
  A white imp (D:6)
5 creatures vanquished.

Vanquished Creatures (others)
  Maurice (D:8)
  An ogre (D:7)
  A river rat (Sewer)
  20 fungi
  A plant (D:6)
24 creatures vanquished.

Grand Total: 249 creatures vanquished

Notes
Turn   | Place    | Note
-------+----------+-------------------------------------------
     0 | D:1      | Armakuni the Human Artificer began the quest for the Orb.
     0 | D:1      | Reached XP level 1. HP: 15/15 MP: 1/1
   237 | D:1      | Found Tudotz's Magic Scroll Shoppe.
   248 | D:1      | Reached XP level 2. HP: 20/21 MP: 2/2
   301 | D:1      | Bought a scroll of noise for 12 gold pieces
   832 | D:2      | Reached XP level 3. HP: 25/27 MP: 3/3
  1131 | D:2      | Reached XP level 4. HP: 27/34 MP: 4/4
  2243 | D:3      | Found an iron altar of Okawaru.
  2327 | D:3      | Found a glowing drain.
  2356 | Sewer    | Entered a sewer
  2368 | Sewer    | Reached XP level 5. HP: 38/41 MP: 5/5
  2582 | Sewer    | Noticed a kobold brigand
  2700 | Sewer    | Killed a kobold brigand
  2907 | Sewer    | Found a glowing silver altar of Zin.
  3079 | D:3      | Reached XP level 6. HP: 48/48 MP: 6/6
  3158 | D:4      | Found a basalt altar of Yredelemnul.
  3909 | D:4      | Reached skill level 5 in Evocations
  4173 | D:5      | Entered Level 5 of the Dungeon
  4244 | D:5      | Reached skill level 5 in Fighting
  4419 | D:5      | Reached XP level 7. HP: 36/56 MP: 7/7
  4533 | D:5      | Noticed Edmund
  5144 | D:5      | Killed Edmund
  5468 | D:5      | Learned a level 2 spell: Searing Ray
  5661 | D:5      | Found a shadowy altar of Dithmenos.
  5669 | D:5      | Reached skill level 1 in Spellcasting
  5669 | D:5      | Reached skill level 1 in Conjurations
  5669 | D:5      | Reached XP level 8. HP: 45/63 MP: 0/10
  5784 | D:5      | Found a hide-covered altar of Uskayaw.
  5857 | D:5      | Found a staircase to the Ecumenical Temple.
  5866 | Temple   | Entered the Ecumenical Temple
  7051 | D:6      | Noticed Dowan
  7134 | D:6      | Noticed Duvessa
  7143 | D:6      | Killed Duvessa
  7156 | D:6      | Killed Dowan
  7474 | D:6      | Found a hazy altar of Hepliaklqana.
  7877 | D:6      | Found a runed translucent door.
  7878 | D:6      | Noticed Crazy Yiuf
  7892 | D:6      | Killed Crazy Yiuf
  8135 | D:7      | Reached XP level 9. HP: 32/68 MP: 9/15
  8197 | D:7      | Noticed Joseph
  8217 | D:7      | Killed Joseph
  8218 | D:7      | Reached skill level 5 in Conjurations
  8226 | D:7      | Reached skill level 5 in Spellcasting
  8572 | D:7      | Noticed Menkaure
  8584 | D:7      | Killed Menkaure
  9574 | D:7      | Learned a level 4 spell: Sticky Flame
  9803 | D:8      | Noticed Harold
  9847 | D:8      | Killed Maurice
  9848 | D:8      | Reached XP level 10. HP: 75/75 MP: 18/20
  9872 | D:8      | Noticed Harold
  9923 | D:7      | Identified a scroll of acquirement
  9923 | D:7      | Acquired a +2 demon whip of pain
 10100 | D:8      | Found Xoerchi's General Store.
 10150 | D:8      | Noticed a two-headed ogre
 10170 | D:8      | Killed a two-headed ogre
 10783 | D:8      | Noticed Psyche
 10802 | D:8      | Killed Psyche
 11064 | D:8      | Bought a wand of mindburst (6) for 140 gold pieces
 11123 | D:8      | Noticed a death yak
 11123 | D:8      | Noticed a death yak
 11171 | D:8      | Noticed Erica
 11176 | D:8      | Killed Harold the swamp dragon
 11198 | D:8      | Killed Erica
 11486 | D:8      | Noticed a death yak
 11498 | D:8      | Bought a scroll of teleportation for 42 gold pieces
 11813 | D:9      | Reached XP level 11. HP: 44/80 MP: 19/23
 12089 | D:9      | Found Xac Huzo's Magic Scroll Boutique.
 12424 | D:9      | Found an ancient bone altar of Kikubaaqudgha.
 12679 | D:9      | Found a staircase to the Orcish Mines.
 12814 | D:9      | Reached skill level 10 in Conjurations
 14132 | D:10     | Entered Level 10 of the Dungeon
 14153 | D:10     | Reached skill level 10 in Spellcasting
 14372 | D:10     | Reached skill level 1 in Staves
 14985 | D:10     | Noticed a two-headed ogre
 15000 | D:10     | Killed a two-headed ogre
 15548 | D:10     | Noticed a two-headed ogre
 15577 | D:10     | Killed a two-headed ogre
 16345 | D:11     | Noticed a death drake
 16346 | D:11     | a death drake changed into a shapeshifter
 16633 | D:11     | Reached XP level 12. HP: 57/86 MP: 17/26
 16635 | D:11     | Reached skill level 5 in Staves
 18188 | D:12     | Noticed a death knight
 18188 | D:12     | Noticed a skeletal warrior
 18537 | D:12     | Noticed a two-headed ogre
 18547 | D:12     | Killed a two-headed ogre
 18893 | D:8      | Found a staircase to the Lair.
 18937 | D:7      | Killed a death yak
 19383 | D:7      | Mangled by a death yak

Illustrated notes

Levels and vault maps discovered:
D:1:      nzn_arrival_crosshair, layout_basic, serial_shops,
          nicolae_shop_window_shopping
D:2:      layout_basic, hangedman_decor_riveting, nrook_loot_triangle
D:3:      layout_rooms, okawaru_trees_2, portal_sewer_entry_e
D:4:      layout_basic, old_standard_altar, serial_aquarium,
          aquarium_bridge_straight [aquarium_subvault_bridge,
          aquarium_subvault_window, aquarium_subvault_bridge,
          aquarium_subvault_window], aquarium_bridge_square
          [aquarium_subvault_wall, aquarium_subvault_bridge,
          aquarium_subvault_bridge, aquarium_subvault_window],
          aquarium_window_corridor_1, aquarium_window_2, aquarium_view_2g,
          aquarium_view_2f
D:5:      cheibrodos_quashed, layout_rooms, mainiacjoe_overflow_two_lobes,
          minmay_temple_entry_nine_rooms, nrook_uturn, uniq_edmund
D:6:      layout_cave_pools, nicolae_hepliaklqana_hazy_memory,
          corexii_checkpoint_a, solitary_fountain, uniq_crazy_yiuf_cottage,
          uniq_duvessa
D:7:      layout_loops_ring, enter_bailey_1, uniq_joseph, uniq_menkaure
D:8:      layout_basic, dpeg_lair_monsters, serial_shops,
          nicolae_shop_hallway_plus, uniq_erica, uniq_harold, uniq_psyche,
          uniq_maurice
D:9:      layout_layer_cave, mainiacjoe_overflow_24_doors, serial_shops,
          shop_fountains, fungi_pond_lemuel
D:10:     layout_basic
D:11:     layout_small_grid
D:12:     layout_roguey, minmay_holes
Temple:   regret_index_temple_sphere_string

Skill      XL: |  1  2  3  4  5  6  7  8  9 10 11 12 |
---------------+-------------------------------------+-----
Fighting       | 2 3 5 |  5.6
Evocations     | 4 5 7 8 |  8.9
Dodging        | 2 |  2.6
Armour         | 3 |  3.1
Spellcasting   | 1 4 6 8 10 | 10.0
Conjurations   | 1 4 7 9 10 | 10.0
Staves         | 4 7 |  7.0
Stealth        | |  1.0

Action                   |  1- 3 |  4- 6 |  7- 9 | 10-12 || total
-------------------------+-------+-------+-------+-------++-------
Melee: Club              |    59 |    19 |       |       ||    78
       Short sword       |       |   148 |    83 |       ||   231
       Flail             |       |       |     9 |       ||     9
       Quarterstaff      |       |       |    18 |       ||    18
       Whip              |       |       |    12 |       ||    12
       Demon whip        |       |       |       |   219 ||   219
Throw: Dart              |    49 |    76 |    35 |     1 ||   161
 Cast: Searing Ray       |       |       |    40 |    47 ||    87
       Sticky Flame      |       |       |       |    52 ||    52
Evoke: Piece from Xom's  |     3 |     4 |    14 |     4 ||    25
       Wand              |     4 |     6 |    25 |    27 ||    62
       Phantom mirror    |       |       |       |     1 ||     1
  Use: Scroll            |     1 |     5 |     9 |     8 ||    23
       Potion            |       |     2 |     4 |     2 ||     8
 Stab: Petrified         |     2 |       |       |       ||     2
       Sleeping          |       |     5 |     2 |     1 ||     8
       Paralysed         |       |     5 |       |       ||     5
       Petrifying        |       |     1 |       |       ||     1
       Invisible         |       |       |     4 |       ||     4
Armor: Leather armour    |    35 |    49 |    35 |   150 ||   269
       Skin              |       |       |       |     6 ||     6
Dodge: Dodged            |    47 |    99 |   129 |   285 ||   560

Table legend: (Time is in decaauts)
 A = Elapsed time spent in this place.
 B = Non-inter-level travel time spent in this place.
 C = Inter-level travel time spent in this place.
 D = Time resting spent in this place.
 E = Time spent auto-exploring this place.
 F = Levels seen in this place.
 G = Mean time per level.
                   A        B        C        D        E       F      G
               +--------+--------+--------+--------+--------+-----+--------+
         Total |  19472 |  19064 |    408 |   6853 |   8675 |  14 | 1390.9 |
       Dungeon |  18692 |  18291 |    401 |   6553 |   8345 |  12 | 1557.7 |
        Temple |    150 |    143 |      7 |      0 |    130 |   1 |  150.0 |
         Sewer |    628 |    628 |      0 |    300 |    199 |   1 |  628.0 |
               +--------+--------+--------+--------+--------+-----+--------+

Top non-repeatable levels by time:
     D:8: 2382 daAuts
     D:5: 2053 daAuts
     D:7: 2043 daAuts
     D:9: 2026 daAuts
    D:10: 1954 daAuts
     D:6: 1617 daAuts
    D:11: 1432 daAuts
     D:4: 1382 daAuts
    D:12: 1230 daAuts
     D:2: 1112 daAuts
     D:1: 825 daAuts
     D:3: 630 daAuts
   Sewer: 628 daAuts
  Temple: 150 daAuts
